 Dungeon Crawl Stone Soup version 0.29.1-2-gbd0b4ee654 (webtiles) character file.

Game seed: 9822952870903041181

424 fireball365 the Chopper (level 6, 0/52 HPs)
             Began as a Minotaur Fighter on Oct 25, 2022.
             Was an Initiate of Ashenzari.
             Slain by Sigmund
             ... wielding a +0 scythe
              (6 damage)
             ... on level 4 of the Dungeon.
             The game lasted 00:14:42 (3582 turns).

fireball365 the Chopper (Minotaur Fighter)          Turns: 3582, Time: 00:14:42

Health: 0/52       AC: 15    Str: 20    XL:     6   Next: 64%
Magic:  5/5        EV:  5    Int:  5    God:    Ashenzari [......]
Gold:   93         SH:  5    Dex: 12    Spells: 5/5 levels left

rFire   . . .      SeeInvis .   a - +0 war axe
rCold   . . .      Faith    .   c - +0 buckler
rNeg    + . .      Spirit   .   r - +0 plate armour
rPois   +          Reflect  .   (helmet restricted)
rElec   .          Harm     .   (no cloak)
rCorr   .          Rampage  .   v - +0 pair of gloves
Will    .....                   h - +0 pair of boots
Stlth   ..........              (no amulet)
HPRegen 0.17/turn               m - ring of poison resistance
MPRegen 0.09/turn               o - ring of positive energy

@: mighty
A: horns 2, retaliatory headbutt
a: Renounce Religion, Curse Item


You were on level 4 of the Dungeon.
You worshipped Ashenzari.
Ashenzari was noncommittal.
You visited 1 branch of the dungeon, and saw 4 of its levels.

You collected 93 gold pieces.

Inventory:

Hand Weapons
 a - a +0 war axe (weapon)
Missiles
 b - 3 poisoned darts
 f - 16 stones (quivered)
 z - 2 javelins
 C - 2 throwing nets
Armour
 c - a +0 buckler (worn)
 h - a +0 pair of boots (worn)
 p - a +0 chain mail
 r - a +0 plate armour (worn)
 v - a +0 pair of gloves (worn)
Magical Staves
 g - a staff of conjuration
Jewellery
 m - a ring of poison resistance (left hand)
 o - a ring of positive energy (right hand)
 B - a ring of flight
Wands
 k - a wand of digging (8)
Scrolls
 l - a scroll of teleportation {unknown}
 q - a scroll of silence {unknown}
 t - 2 scrolls of vulnerability
 w - 3 scrolls of identify
 x - 2 scrolls of fear {unknown}
 y - a scroll of enchant weapon {unknown}
Potions
 d - a potion of might
 e - 2 potions of curing
 i - a potion of attraction {unknown}
 j - a potion of lignification {unknown}
 n - a potion of brilliance {unknown}
 s - a potion of invisibility {unknown}
 u - a potion of heal wounds {unknown}
 A - a potion of magic {unknown}


   Skills:
 - Level 3.6 Fighting
 - Level 6.0 Axes
 + Level 5.5 Armour
 + Level 5.9 Shields


You had 5 spell levels left.
You didn't know any spells.
Your spell library was empty.

Dungeon Overview and Level Annotations

Branches:
Dungeon (4/15)
 Temple: D:4-7

Altars:
Ashenzari

Annotations:
D:4 Sigmund


Innate Abilities, Weirdness & Mutations

You have a pair of horns on your head.
You reflexively headbutt those who attack you in melee.


Message History

Sigmund shouts!
Your headbutt misses something. Something hits you but does no damage.
You hit something.
You hear some strange, mumbled words.
A puff of flame appears from out of thin air!
The puff of flame hits you!
Sigmund casts a spell.
Sigmund flickers and vanishes!
Something hits you.
You closely miss something. Your headbutt misses something.
You hit the orc priest.
The orc priest hits you but does no damage.
Something hits you but does no damage.
You barely miss something. Your headbutt misses something.
You closely miss the orc priest. You hit the orc priest.
The orc priest mumbles some strange prayers to Beogh against you.
Pain shoots through your body!
* * * LOW HITPOINT WARNING * * *
The orc priest hits you but does no damage.
Something hits you but does no damage.
A worm comes into view.
You feel better.
The orc priest hits you but does no damage.
The orc priest barely misses you. Something hits you but does no damage.
You feel very mighty all of a sudden.
The orc priest hits you but does no damage.
The orc priest calls down the wrath of Beogh upon you.
Beogh smites you!
* * * LOW HITPOINT WARNING * * *
Something hits you but does no damage. x2
You miss something. You slash the orc priest!
You kill the orc priest!
You hit the orc priest but do no damage.
The orc priest mumbles some strange prayers to Beogh against you.
Pain shoots through your body!
* * * LOW HITPOINT WARNING * * *
You hear some strange, mumbled words.
A magic dart appears from out of thin air!
The magic dart hits you but does no damage.
Something hits you.
You die...

#..... ......... ....
#>.... ......... ...
#....< ...w..... ..##
####.# ........#
#.)#######.# ........###
#.....##...#
.....{....####.##......#
......o)........#......#
#{@................
#....>.............
......[..............#
..................[...#
..##.#.............>...#
. #.#..........##..####
#............##....
##..........###.#.


You could see a worm and an orc priest.

Vanquished Creatures
  An ice beast (D:4)
  A scorpion (D:4)
  An orc priest (D:4)
  Terence (D:2)
  An iguana (D:4)
  3 orc wizards (D:3)
  Robin (D:3)
  4 gnolls
  3 worms
  2 dart slugs (D:2)
  8 orcs (D:3)
  3 endoplasms
  4 giant cockroaches
  13 goblins
  9 hobgoblins
  4 jackals (D:1)
  2 quokkas
  2 ball pythons (D:1)
  5 bats
  9 kobolds
  4 rats
  A bush (D:1)
82 creatures vanquished.

Vanquished Creatures (others)
  2 plants (D:1)
2 creatures vanquished.

Grand Total: 84 creatures vanquished

Notes
Turn   | Place    | Note
-------+----------+-------------------------------------------
     0 | D:1      | fireball365 the Minotaur Fighter began the quest for the
                  | Orb.
     0 | D:1      | Reached XP level 1. HP: 19/19 MP: 0/0
   317 | D:1      | You fall into a shaft and drop 1 floor!
   357 | D:2      | Reached XP level 2. HP: 22/27 MP: 1/1
   384 | D:2      | Reached skill level 3 in Axes
   468 | D:2      | Noticed Terence
   475 | D:2      | Killed Terence
   476 | D:2      | Reached XP level 3. HP: 20/33 MP: 0/2
   736 | D:1      | Found a faded altar of an unknown god.
   759 | D:1      | Prayed at the altar of an unknown god.
   759 | D:1      | Became a worshipper of Ashenzari the Shackled
  1120 | D:1      | Reached skill level 4 in Axes
  1140 | D:1      | Reached XP level 4. HP: 34/40 MP: 3/3
  2297 | D:3      | Noticed Robin
  2312 | D:3      | Killed Robin
  2352 | D:3      | Reached XP level 5. HP: 42/46 MP: 4/4
  2409 | D:3      | Reached skill level 5 in Axes
  2768 | D:3      | Reached skill level 5 in Armour
  2768 | D:3      | Reached skill level 5 in Shields
  3534 | D:4      | Reached XP level 6. HP: 45/52 MP: 5/5
  3540 | D:4      | Noticed an ice beast
  3557 | D:4      | Killed an ice beast
  3558 | D:4      | Reached skill level 6 in Axes
  3575 | D:4      | Noticed Sigmund
  3582 | D:4      | Slain by Sigmund

Illustrated notes

Levels and vault maps discovered:
D:1:      psy_arrival_conway, layout_basic, hellmonk_ecumenical_altar_run_dry,
          minmay_unequal
D:2:      layout_loops_ring, minivault_5, uniq_terence
D:3:      layout_basic, kennysheep_boxes, uniq_robin
D:4:      layout_rooms, serial_shops, kennysheep_little_box,
          portal_sewer_entry_e, nrook_uturn, interstate_on_off, uniq_sigmund

Skill      XL: |  1  2  3  4  5  6 |
---------------+-------------------+-----
Axes           | 3 4 5 6 |  6.0
Armour         | 4 5 |  5.5
Shields        | 4 5 |  5.9
Fighting       | |  3.6

Action                   |  1- 3 |  4- 6 || total
-------------------------+-------+-------++-------
Melee: War axe           |   153 |   122 ||   275
       Headbutt          |    34 |    18 ||    52
  Use: Scroll            |       |     3 ||     3
       Potion            |       |     2 ||     2
Armor: Scale mail        |    15 |       ||    15
       Plate armour      |    38 |   110 ||   148
       Chain mail        |     2 |       ||     2
Dodge: Dodged            |    28 |    35 ||    63
Block: Buckler           |    21 |    33 ||    54
